 Dungeon Crawl Stone Soup version 0.21-a0-153-g78480df (webtiles) character file.

19772 Ordine the Thaumaturge (level 12, -1/66 HPs)
             Began as a Deep Elf Wizard on July 31, 2017.
             Was a Priest of Sif Muna.
             Slain by a black mamba (3 damage)
             ... on level 3 of the Lair of Beasts on Aug 2, 2017.
             The game lasted 01:04:40 (19942 turns).

Ordine the Thaumaturge (Deep Elf Wizard)           Turns: 19942, Time: 01:04:41

Health: -1/66      AC:  9    Str:  4    XL:     12   Next: 39%
Magic:  15/28      EV: 17    Int: 32    God:    Sif Muna [***...]
Gold:   667        SH:  5    Dex: 13    Spells: 23/32 levels left

rFire    . . .     SeeInvis .   k - +3 dagger (speed)
rCold    . . .     Gourm    .   s - +0 buckler
rNeg     . . .     Faith    .   u - +1 robe {MR+}
rPois    +         Spirit   .   i - +2 helmet
rElec    .         Reflect  .   (no cloak)
rCorr    .         Harm     .   l - +2 pair of gloves
MR       ++...                  (no boots)
Stlth    ++++......             (no amulet)
HPRegen  0.21/turn              g - +3 ring of intelligence
MPRegen  0.21/turn              H - ring of poison resistance

@: no status effects
A: no striking features
a: Divine Energy, Channel Magic, Renounce Religion


You were on level 3 of the Lair of Beasts.
You worshipped Sif Muna.
Sif Muna was most pleased with you.
You were not hungry.

You visited 3 branches of the dungeon, and saw 13 of its levels.

You collected 755 gold pieces.
You spent 88 gold pieces at shops.

Inventory:

Hand Weapons
 k - a +3 dagger of speed (weapon)
Armour
 i - a +2 helmet (worn)
 l - a +2 pair of gloves (worn)
 s - a +0 buckler (worn)
 u - a +1 robe of magic resistance (worn)
Jewellery
 g - a +3 ring of intelligence (left hand)
 m - an uncursed ring of protection from fire
 r - an uncursed ring of protection from magic
 A - an uncursed ring of stealth
 F - an uncursed ring of protection from cold
 H - a ring of poison resistance (right hand)
Wands
 q - a wand of flame (17/48)
 t - a wand of confusion (15/48)
 E - a wand of lightning (10/15)
 G - a wand of polymorph (2/24)
 J - a wand of disintegration (9/24)
Scrolls
 b - 3 scrolls of teleportation
 n - 5 scrolls of amnesia
 p - 6 scrolls of remove curse
 y - a scroll of enchant weapon
 z - a scroll of immolation
 C - a scroll of blinking
 D - a scroll of enchant armour
Potions
 a - 3 potions of flight
 e - 3 potions of brilliance
 j - 9 potions of curing
 v - 5 potions of heal wounds
 w - a potion of ambrosia
 x - a potion of cancellation
 B - a potion of mutation
 I - a potion of haste
 L - 2 potions of magic {unknown}
Books
 c - a book of Minor Magic

   Spells                             Type                      Level
   a - Magic Dart                     Conjuration                  1
   b - Blink                          Translocation                2
   c - Call Imp                       Summoning                    2
   d - Slow                           Hexes                        2
   e - Conjure Flame                  Conjuration/Fire             3
   f - Mephitic Cloud                 Conjuration/Poison/Air       3
 M - a book of Geomancy

   Spells                             Type                      Level
   a - Sandblast                      Earth                        1
   b - Passwall                       Transmutation/Earth          2
   c - Stone Arrow                    Conjuration/Earth            3
   d - Petrify                        Transmutation/Earth          4
   e - Lee's Rapid Deconstruction     Earth                        5
Comestibles
 d - 8 bread rations
 f - 16 fruits
 h - 11 royal jellies
 o - 10 meat rations
 K - 4 chunks of flesh


   Skills:
 + Level 4.2 Fighting
 + Level 6.0 Short Blades
 - Level 2.0 Armour
 + Level 8.7 Dodging
 + Level 9.7 Stealth
 - Level 5.0 Shields
 + Level 10.6 Spellcasting
 - Level 6.0 Conjurations
   Level 1.1 Summonings
 - Level 5.0 Translocations
 - Level 6.0 Fire Magic
 - Level 6.0 Air Magic
 + Level 5.5 Invocations
 * Level 5.0 Evocations


You had 23 spell levels left.
You knew the following spells:

 Your Spells              Type           Power        Failure   Level  Hunger
a - Magic Dart            Conj           ####         1%          1    None
b - Blink                 Tloc           N/A          1%          2    None
c - Conjure Flame         Conj/Fire      ######..     1%          3    None
d - Mephitic Cloud        Conj/Pois/Air  #####...     1%          3    None


Dungeon Overview and Level Annotations

Branches:
Dungeon (9/15)             Temple (1/1) D:7            Lair (3/6) D:9
 Shoals (0/4) Lair:2
  Snake: Lair:2-4    Spider: Lair:2-4       Orc: D:9-12

Altars:
Ashenzari
Cheibriados
Dithmenos
Elyvilon
Fedhas
Gozag
Hepliaklqana
Kikubaaqudgha
Makhleb
Nemelex Xobeh
Okawaru
Qazlal
Ru
Sif Muna
Trog
Uskayaw
Vehumet
Wu Jian
Xom
Yredelemnul
Zin
The Shining One

Shops:
D:5 [?[


Message History

The magic dart hits the black mamba.
The black mamba is severely wounded.
The black mamba bites you!!
* * * LOW HITPOINT WARNING * * *
The black mamba bites you.
* * * LOW HITPOINT WARNING * * *
Casting: Magic Dart
Confirm with . or Enter, or press ? or * to list all spells.
Aiming: Magic Dart
Press: ? - help, Shift-Dir - straight line, f/p - black mamba
Aim: a black mamba (severely wounded)
The magic dart hits the black mamba.
The black mamba is severely wounded.
The black mamba bites you but does no damage.
The black mamba misses you.
Unknown command.
Casting: Magic Dart
Confirm with . or Enter, or press ? or * to list all spells.
You blink.
The black mamba bites you.
You die...

...................♣♣♣..
..........P...#..#.♣♣♣♣.
..................♣♣♣P..
.
..................♣♣P♣..
.
.......#..........♣P♣♣..
. .......#...........♣
♣.8 #
.......§#.#..##...♣♣♣♣.[
#
.......S............♣♣..
##
.......@...........P♣♣..
.#
...................PP♣♣.
.#
...................P♣P..
##
....[.P.....###...♣♣P♣..
#
.............#..#.♣♣♣♣..
.
.............#...#♣♣.♣..
.
..............#.P#.#♣.♣.
.#
.......P.............♣..
..
.........................


You could see a black mamba.

Vanquished Creatures
  A hydra (Lair:2)
  2 two-headed ogres
  Nergalle (Lair:1)
  3 merfolk sirens (Lair:2)
  6 spiny frogs
  A centaur skeleton (D:7)
  A merfolk (Lair:2)
  A troll (D:8)
  5 polar bears
  Grinder (D:3)
  3 hornets (D:8)
  3 hippogriffs
  Sigmund (D:6)
  2 wyverns
  31 yaks
  2 basilisks
  2 water moccasins
  2 black bears
  7 porcupines
  3 phantoms
  3 orc warriors
  An ice beast (D:6)
  7 ogres
  3 sky beasts
  5 wolves (Lair:2)
  6 centaurs
  11 crocodiles
  4 bullfrogs
  A wyvern zombie (D:6)
  A wyvern skeleton (D:9)
  A scorpion (D:7)
  10 wights
  5 howler monkeys
  6 electric eels (D:8)
  5 crimson imps
  6 orc priests
  5 hounds
  6 worker ants
  An iguana (D:9)
  8 orc wizards
  Ijyb (D:5)
  A killer bee zombie (D:8)
  A hound skeleton (D:7)
  A howler monkey zombie (D:9)
  13 adders
  6 gnolls
  2 oozes
  An adder zombie (D:7)
  2 adder skeletons (D:4)
  A worm (D:8)
  A dart slug (D:1)
  6 leopard geckos
  38 orcs
  4 ball pythons
  2 giant cockroaches
  8 goblins
  7 hobgoblins
  4 jackals (D:3)
  3 quokkas
  4 bats
  5 frilled lizards
  9 kobolds
  2 leopard gecko skeletons
  A leopard gecko zombie (D:5)
  9 rats
  A fungus (Lair:2)
306 creatures vanquished.

Vanquished Creatures (others)
  3 fungi
  8 plants
11 creatures vanquished.

Grand Total: 317 creatures vanquished

Notes
Turn   | Place    | Note
-------+----------+-------------------------------------------
     0 | D:1      | Ordine the Deep Elf Wizard began the quest for the Orb.
     0 | D:1      | Reached XP level 1. HP: 10/10 MP: 7/7
   441 | D:1      | Reached XP level 2. HP: 15/15 MP: 6/9
   554 | D:1      | Learned a level 2 spell: Blink
  1131 | D:2      | Reached XP level 3. HP: 19/19 MP: 3/11
  1136 | D:2      | Learned a level 3 spell: Conjure Flame
  1140 | D:2      | Learned a level 3 spell: Mephitic Cloud
  1312 | D:2      | Found a faded altar of an unknown god.
  1500 | D:2      | Reached skill level 5 in Spellcasting
  1963 | D:3      | Reached skill level 1 in Fire Magic
  1980 | D:3      | Reached XP level 4. HP: 24/24 MP: 9/13
  2410 | D:3      | Noticed Grinder
  2435 | D:3      | Killed Grinder
  2435 | D:3      | Reached skill level 1 in Air Magic
  2435 | D:3      | Reached XP level 5. HP: 19/28 MP: 0/14
  2435 | D:3      | Reached XP level 6. HP: 22/32 MP: 0/16
  3641 | D:4      | Reached skill level 6 in Spellcasting
  3641 | D:4      | Reached XP level 7. HP: 36/36 MP: 5/18
  4390 | D:5      | Entered Level 5 of the Dungeon
  4390 | D:5      | Found Lusatoge's Magic Scroll Emporium.
  4390 | D:5      | Found Saaskor's Antique Armour Boutique.
  4565 | D:5      | Bought an embroidered robe for 88 gold pieces
  4679 | D:5      | Found Ywkuv's Antique Armour Emporium.
  4746 | D:5      | Noticed Ijyb
  4772 | D:5      | Killed Ijyb
  4772 | D:5      | Reached skill level 5 in Stealth
  4772 | D:5      | Reached skill level 1 in Shields
  5106 | D:5      | Reached XP level 8. HP: 41/41 MP: 1/19
  5694 | D:5      | Reached skill level 1 in Short Blades
  5868 | D:6      | Reached skill level 5 in Dodging
  5878 | D:6      | Noticed Sigmund
  6243 | D:6      | Found an opulent altar of Gozag.
  6386 | D:6      | Killed Sigmund
  6386 | D:6      | Reached skill level 7 in Spellcasting
  6839 | D:6      | Reached XP level 9. HP: 38/45 MP: 1/21
  7572 | D:7      | Found a staircase to the Ecumenical Temple.
  7579 | Temple   | Entered the Ecumenical Temple
  7608 | Temple   | Became a worshipper of Sif Muna the Loreminder
  8171 | D:8      | Reached skill level 5 in Conjurations
  8326 | D:8      | Noticed a two-headed ogre
  8502 | D:8      | Killed a two-headed ogre
  8502 | D:8      | Reached * piety under Sif Muna
  8502 | D:8      | Reached skill level 1 in Fighting
  8502 | D:8      | Reached skill level 8 in Spellcasting
  8502 | D:8      | Reached skill level 5 in Fire Magic
  8581 | D:8      | Reached XP level 10. HP: 39/52 MP: 6/24
  8767 | D:8      | Reached skill level 5 in Translocations
  9361 | D:8      | Paralysed by a hornet for 2 turns
  9372 | D:8      | Reached skill level 1 in Invocations
 10939 | D:9      | Reached skill level 5 in Shields
 11074 | D:9      | Found a staircase to the Lair.
 12164 | D:9      | Noticed a two-headed ogre
 12205 | D:9      | Killed a two-headed ogre
 12205 | D:9      | Reached ** piety under Sif Muna
 12205 | D:9      | Reached skill level 9 in Spellcasting
 12205 | D:9      | Reached skill level 5 in Air Magic
 12836 | Lair:1   | Entered Level 1 of the Lair of Beasts
 12962 | D:9      | Reached XP level 11. HP: 47/57 MP: 18/26
 13575 | Lair:1   | Found an opulent altar of Gozag.
 14229 | Lair:1   | Reached skill level 1 in Evocations
 14323 | Lair:1   | Reached skill level 1 in Armour
 15183 | Lair:2   | Reached skill level 5 in Short Blades
 15264 | Lair:2   | Noticed a four-headed hydra
 15741 | Lair:2   | Noticed Nergalle
 16545 | Lair:1   | Killed Nergalle
 17073 | Lair:2   | Killed a four-headed hydra
 17565 | Lair:2   | Reached skill level 10 in Spellcasting
 17565 | Lair:2   | Reached XP level 12. HP: 66/66 MP: 16/28
 17927 | Lair:2   | Found a staircase to the Shoals.
 18081 | Lair:2   | Reached skill level 5 in Invocations
 18912 | Lair:2   | Reached *** piety under Sif Muna
 19835 | Lair:3   | Reached skill level 5 in Evocations
 19940 | Lair:3   | HP: 2/66 [black mamba (2)]
 19942 | Lair:3   | Slain by a black mamba

Vault maps used:
D:1:      dpeg_arrival_simpleton_c
D:2:      chequers_ecumenical_altar_twisty
D:3:      first_bread, uniq_grinder
D:4:      supply_closet_lemuel, minmay_hedge_maze, hangedman_decor_growths,
          grunt_decor_mini_mirrors
D:5:      serial_shops, nicolae_shop_overgrown_old_shop, shop,
          nicolae_shop_waterfront, uniq_ijyb
D:6:      lemuel_crystal_altar, nicolae_zen_rock_garden, uniq_sigmund
D:7:      minmay_temple_entry_statues_pillars
D:8:      hangedman_pestilent_swarm, serial_bayou_lagoon_a, minivault_26,
          kennysheep_boxes
D:9:      lair_entry_dummy, special_room
Temple:   nicolae_temple_the_god_donut
Lair:1:   basic_altar
Lair:2:   beast_lair_carwin_large_2, elwin_shoals_entry_stream, uniq_nergalle
Lair:3:   nicolae_spider_entry_orb_guardian, serial_bayou_pond_e, st_stairs_8,
          wad_woods_road_02, worms_lemuel, lemuel_fruit_fields

Skill      XL: |  1  2  3  4  5  6  7  8  9 10 11 12 |
---------------+-------------------------------------+-----
Dodging        | 3 4 5 6 7 8 |  8.7
Stealth        | 3 4 5 6 7 8 9 |  9.7
Spellcasting   | 5 6 7 8 9 10 | 10.6
Fire Magic     | 1 2 3 4 5 6 |  6.0
Conjurations   | 2 3 4 5 6 |  6.0
Translocations | 2 3 4 5 |  5.0
Air Magic      | 1 2 3 4 5 6 |  6.0
Shields        | 1 3 4 5 |  5.0
Short Blades   | 2 3 4 5 6 |  6.0
Fighting       | 1 2 3 4 |  4.2
Invocations    | 2 4 5 |  5.5
Evocations     | 3 5 |  5.0
Armour         | 2 |  2.0
Summonings     | |  1.1

Action                   |  1- 3 |  4- 6 |  7- 9 | 10-12 || total
-------------------------+-------+-------+-------+-------++-------
Melee: Unarmed           |       |    11 |       |       ||    11
       Dagger            |       |       |    52 |    97 ||   149
 Cast: Magic Dart        |    88 |    92 |   402 |  1034 ||  1616
       Mephitic Cloud    |       |     4 |    16 |    49 ||    69
       Blink             |       |     1 |    10 |    33 ||    44
       Conjure Flame     |       |       |    11 |    48 ||    59
Evoke: Wand              |       |       |       |     3 ||     3
  Use: Scroll            |     6 |     4 |    10 |     7 ||    27
       Potion            |       |     3 |     3 |     4 ||    10
 Stab: Confused          |       |       |     1 |    11 ||    12
  Eat: Chunk             |     3 |     4 |    15 |    35 ||    57
Armor: Robe              |     2 |     5 |    36 |    73 ||   116
       Skin              |       |    14 |       |       ||    14
Dodge: Dodged            |     7 |    21 |   107 |   247 ||   382
Block: Buckler           |       |       |       |   102 ||   102
